AoeStats
← frank920103

Black Forest

506010761Analyzed
1v1 RM · 20d ago on Sep 12, 2026· 52m 9s· 2 players
Game mode
Random Map
Map size
Tiny (2 player)
Population
200
Speed
Normal
Resources
Standard
Victory
Conquest
Starting age
Dark Age
Ending age
Imperial Age
RankedLock teamsTeams togetherTeam positionsShared explorationLock speedFull tech treeHidden civsTurbo modeCheats
Victory
Defeat
🇮🇹 Celts · Italy
754
+15
🇨🇴 Byzantines · Colombia
723
-15
frank920103
5:35 Loom
14:16 Feudal Age
18:03 Castle Age
16:12 Double-Bit Axe
17:43 Stone Mining
17:54 Gold Mining
18:00 Gold Mining
21:00 Horse Collar
22:48 Scale Barding Armor
24:24 Elite Skirmisher
26:26 Chain Barding Armor
27:39 Wheelbarrow
27:58 Forging
32:10 Iron Casting
32:50 Fletching
36:26 Thumb Ring
41:14 Imperial Age
40:38 Bodkin Arrow
40:44 Padded Archer Armor
42:52 Hand Cart
42:52 Bow Saw
43:20 Ballistics
44:01 Chemistry
42:57 Murder Holes
44:11 Heavy Camel Rider
fede_89-
1:22 Loom
1:56 Loom
12:03 Feudal Age
12:34 Double-Bit Axe
13:33 Gold Mining
13:26 Horse Collar
20:41 Castle Age
20:24 Stone Mining
21:46 Bow Saw
21:40 Heavy Plow
22:25 Stone Shaft Mining
23:11 Wheelbarrow
22:22 Town Watch
24:51 Gold Shaft Mining
24:51 Hand Cart
26:20 Fortified Wall
29:22 Padded Archer Armor
29:13 Fletching
30:23 Ballistics
29:54 Heated Shot
29:45 Treadmill Crane
30:16 Masonry
30:17 Murder Holes
30:56 Bodkin Arrow
32:34 Pikeman
34:07 Scale Mail Armor
36:36 Husbandry
40:33 Town Patrol
44:01 Imperial Age
42:58 Forging
43:03 Chain Mail Armor
42:54 Scale Barding Armor
43:05 Leather Archer Armor
44:00 Stronghold
45:10 Conscription
45:28 Hoardings
44:27 Cavalier
45:42 Plate Mail Armor
45:48 Iron Casting
44:40 Halberdier
47:34 Paladin
50:33 Chain Barding Armor
51:13 Blast Furnace
Connection lost

Rejoining the realm…

Still unreachable

The connection could not be restored.

Session expired

The server has moved on; the page needs a fresh start.